cohdb
Replays
Latest Replays
All Replays
Popular Replays
Top Player Replays
Match Explorer
How It Works
Community
CoH3 Stats
Reddit
Sign in to upload your games and track your stats! →
Sign in with Steam
Match 42101360
Unlisted
Match 42101360
Overview
Messages
Build Orders
End
Vickers Machine Gun Team
Construct Section Command Post
Selects Heavy Armor Battlegroup
Selects Heavy Armor Battlegroup
Infantry Section
Dingo Light Scout Car
Infantry Section
Grenade Package
Selects Rigorous Vehicle Training
Construct Platoon Command Post
Unlock M3 Stuart Light Tanks
LoCo|StetoGuy
ToxicCheeseMan
tylerbishop1055
VX6 (Echofretzz)
JarJarWick
Nashorn101
0
0
Comments
sign in to comment!
No comments posted yet!